 Dungeon Crawl Stone Soup version 0.28.0 (webtiles) character file.

Game seed: 4437954267884622450

12522 Dorkslayer the Cleaver (level 11, -1/102 HPs)
             Began as a Hill Orc Fighter on June 12, 2022.
             Was an Initiate of Gozag.
             Shot with an arrow by a centaur warrior (17 damage)
             ... on level 9 of the Dungeon.
             The game lasted 00:33:37 (10075 turns).

Dorkslayer the Cleaver (Hill Orc Fighter)          Turns: 10075, Time: 00:33:38

Health: -1/102     AC: 19    Str: 24    XL:     11   Next: 94%
Magic:  2/11       EV:  7    Int:  8    God:    Gozag
Gold:   1580       SH:  5    Dex: 10    Spells: 10/10 levels left

rFire   . . .      SeeInvis .   D - +2 scimitar (flame)
rCold   . . .      Faith    .   c - +0 buckler
rNeg    . . .      Spirit   .   B - +0 plate armour
rPois   +          Reflect  .   (helmet restricted)
rElec   .          Harm     .   e - +1 cloak
rCorr   .          Rampage  .   E - +0 pair of gloves
Will    .....                   y - +0 pair of boots of Eternal Night {rPois Slay+2}
Stlth   ..........              N - amulet of regeneration
HPRegen 1.07/turn               (no ring)
MPRegen 0.12/turn               (no ring)

@: invisible
A: horns 1, MP-powered wands
a: Renounce Religion, Potion Petition, Call Merchant, Bribe Branch


You were on level 9 of the Dungeon.
You worshipped Gozag.
Gozag was most pleased with you.
You visited 2 branches of the dungeon, and saw 10 of its levels.
You also visited: Bailey.

You collected 1646 gold pieces.
You paid 66 gold pieces to Gozag.

Inventory:

Hand Weapons
 g - a +3 vorpal hand axe
 s - a +3 hand axe of distortion
 v - a +0 broad axe
 w - a +0 broad axe
 D - a +2 scimitar of flaming (weapon)
Missiles
 h - 13 boomerangs (quivered)
 j - 54 poisoned darts
 L - 4 atropa-tipped darts
Armour
 c - a +0 buckler (worn)
 d - a +0 helmet
 e - a +1 cloak (worn)
 y - the +0 pair of boots of Eternal Night (worn) {rPois Slay+2}
   (You found it on level 7 of the Dungeon)

   Slay:      It affects your accuracy & damage with ranged weapons and melee
   (+2).
   rPois:     It protects you from poison.
 B - a +0 plate armour (worn)
 E - a +0 pair of gloves (worn)
Jewellery
 N - an amulet of regeneration (around neck)
Wands
 i - a wand of paralysis (14)
 p - a wand of mindburst (13)
 u - a wand of acid (6)
 A - a wand of flame (51)
Scrolls
 a - a scroll of magic mapping
 f - 2 scrolls of blinking
 n - a scroll of fear
 r - a scroll of holy word
 z - 2 scrolls of enchant armour
 C - 2 scrolls of fog
 F - a scroll of enchant weapon
 G - a scroll of teleportation
 H - a scroll of acquirement {unknown}
 K - a scroll of amnesia {unknown}
 M - 2 scrolls of summoning
Potions
 b - 3 potions of curing
 k - 3 potions of heal wounds
 l - 3 potions of flight
 m - 3 potions of brilliance
 o - a potion of mutation
 q - a potion of might
 t - a potion of invisibility
 x - a potion of haste {unknown}


   Skills:
 * Level 11.2 Fighting
 + Level 13.4 Axes
 + Level 3.7 Throwing
 + Level 9.7 Armour
 + Level 3.1 Dodging
 + Level 2.0 Stealth
 + Level 6.0 Shields
 * Level 6.2 Evocations


You had 10 spell levels left.
You didn't know any spells.
Your spell library contained the following spells:

 Spells                   Type           Power      Damage    Failure   Level
 Tukima's Dance           Hex            0%         N/A       100%        3
 Anguish                  Hex/Necr       0%         N/A       100%        4
 Enfeeble                 Hex            0%         N/A       100%        7


Dungeon Overview and Level Annotations

Branches:
Dungeon (9/15)             Temple (1/1) D:4          Bailey (visited)
   Lair: D:8-11         Orc: D:9-12

Altars:
Ashenzari
Dithmenos
Elyvilon
Fedhas
Gozag
Hepliaklqana
Kikubaaqudgha
Makhleb
Nemelex Xobeh
Okawaru
Qazlal
Ru
Sif Muna
Trog
Uskayaw
Vehumet
Wu Jian
Xom
Yredelemnul
Zin
The Shining One

Annotations:
Abyss:1 AnyaLaVert's ghost, novice MiFi


Innate Abilities, Weirdness & Mutations

You have a pair of small horns on your head.
You expend magic power (3 MP) to strengthen your wands.


Message History

Aim: an eight-headed hydra (chance to affect: 33%)
The eight-headed hydra easily resists.
A centaur warrior comes into view.
It is wielding a +0 morningstar of holy wrath and wearing the ring "Kyfuic" {Ice Int-5 Dex+4 SInv}.
Okay, then.
Okay, then.
You see here 16 gold pieces.
Things that are here:
the +10 rapier of Mayhem {elec, *Rage *Slow +Blink rF+++}; a ring of ice
Items here: )))) [.
D - a +2 scimitar of flaming Really unwield
s - a +3 hand axe of distortion?
Your +2 scimitar of flaming bursts into flame!
D - a +2 scimitar of flaming (weapon)
The eight-headed hydra bites you!
The eight-headed hydra bites you but does no damage. x3
The eight-headed hydra bites you! The eight-headed hydra bites you.
* * * LOW HITPOINT WARNING * * *
The eight-headed hydra bites you!
* * * LOW HITPOINT WARNING * * *
The eight-headed hydra bites you but does no damage.
You see here 16 gold pieces.
You fade into invisibility!
The eight-headed hydra bites you but does no damage. x4
The eight-headed hydra bites you.
* * * LOW HITPOINT WARNING * * *
The eight-headed hydra bites you but does no damage. x2
You block the eight-headed hydra's attack.
The centaur warrior unwields a +0 morningstar of holy wrath.
It stops glowing.
The centaur warrior wields a +0 shortbow.
The centaur warrior shoots an arrow.
The arrow hits you!
* * * LOW HITPOINT WARNING * * *
Okay, then.
Blink to where?
Press: ? - help, Dir - move target, p - eight-headed hydra
As you read the scroll of blinking, it crumbles to dust.
The centaur warrior shoots an arrow.
The arrow hits you but does no damage.
The centaur warrior shoots an arrow.
The arrow hits you!
You die...
Your body crumbles into a pile of gold.

#........... $ #........... ..
#........... ....#...........
$ #######..##'########
##.c.#.##.........#..
##..#.##.##........#.. ###
##..##..#..########.#..
..##$..#.@.##..#.##..#.#..
#.#Dc##....#..#....##.... ##
#.)..#..#..#...#.#.##....
#.##)#.)#....##..##.)..#....
#..##..##...#...#..##.#.... $
###$####..#..##..####.###....
..
##.$.).###.##.#..###.....##...
.. #..#)#D.#
#.#...#####...####..
.##..##.#...# ######
#.##.##(###.


You could see a centaur warrior.

Vanquished Creatures
  2 vault guards (Bailey)
  2 two-headed ogres
  A wizard (D:9)
  A deep elf pyromancer (D:9)
  A komodo dragon (shapeshifter) (D:9)
  An efreet (D:9)
  Grinder (D:3)
  Prince Ribbit (Bailey)
  A shadow (D:9)
  A vampire (D:9)
  4 humans (Bailey)
  A wraith (D:7)
  2 yaks (D:9)
  3 wyverns
  A steam dragon (D:9)
  3 acid dragons
  2 water moccasins (D:7)
  3 ogres
  3 orc warriors
  A hornet zombie (D:7)
  4 ice beasts
  2 centaurs
  4 kobold brigands
  10 bullfrogs
  2 gnoll sergeants (D:9)
  2 water moccasin zombies (D:5)
  2 scorpions
  2 wights (D:7)
  4 killer bees
  A howler monkey (D:9)
  3 jellies (D:7)
  A bullfrog zombie (D:6)
  4 hounds
  A wyvern simulacrum (D:7)
  A centaur skeleton (D:7)
  Crazy Yiuf (D:2)
  3 centaur zombies
  3 orc priests
  2 gnoll shamans
  A bullfrog skeleton (D:6)
  A human skeleton (D:8)
  Ijyb (D:4)
  Terence (D:3)
  5 iguanas
  Natasha (thrice) (D:3)
  6 orc wizards
  A killer bee zombie (D:9)
  A centaur simulacrum (D:7)
  A hound skeleton (D:4)
  A spectral howler monkey (D:7)
  3 howler monkey zombies
  Robin (D:2)
  7 adders
  7 gnolls
  4 shadow imps
  A white imp (D:6)
  2 worms
  4 dart slugs
  14 orcs
  A ball python (D:1)
  4 endoplasms
  4 giant cockroaches
  22 goblins
  11 hobgoblins
  13 jackals
  22 kobolds
  3 quokkas
  4 bats
  2 frilled lizards
  3 goblin zombies (D:8)
  5 rats
246 creatures vanquished.

Vanquished Creatures (others)
  4 fungi (D:6)
  4 plants (D:8)
8 creatures vanquished.

Grand Total: 254 creatures vanquished

Notes
Turn   | Place    | Note
-------+----------+-------------------------------------------
     0 | D:1      | Dorkslayer the Hill Orc Fighter began the quest for the
                  | Orb.
     0 | D:1      | Reached XP level 1. HP: 19/19 MP: 1/1
   141 | D:1      | Reached XP level 2. HP: 22/27 MP: 2/2
   249 | D:1      | Found a faded altar of an unknown god.
   803 | D:2      | Reached XP level 3. HP: 33/33 MP: 3/3
   915 | D:2      | Reached skill level 3 in Axes
  1071 | D:2      | Noticed Robin
  1099 | D:2      | Gained mutation: You have a pair of small horns on your
                  | head. [potion of mutation]
  1099 | D:2      | Gained mutation: You expend magic power (3 MP) to
                  | strengthen your wands. [potion of mutation]
  1111 | D:2      | Killed Robin
  1112 | D:2      | Reached XP level 4. HP: 37/40 MP: 4/4
  1223 | D:2      | Noticed Terence
  1322 | D:3      | Killed Terence
  1557 | D:2      | Found a runed translucent door.
  1558 | D:2      | Noticed Crazy Yiuf
  1763 | D:2      | Reached skill level 1 in Throwing
  1768 | D:2      | Reached skill level 1 in Dodging
  2011 | D:2      | Killed Crazy Yiuf
  2012 | D:2      | Reached XP level 5. HP: 47/47 MP: 5/5
  2092 | D:3      | Found a large runed translucent door.
  2093 | D:3      | Found a large runed translucent door.
  2168 | D:3      | Noticed Natasha
  2176 | D:3      | Killed Natasha
  2177 | D:3      | Reached skill level 4 in Axes
  2235 | D:3      | Noticed Natasha
  2249 | D:3      | HP: 2/47 [Natasha (5)]
  2250 | D:3      | Killed Natasha
  2652 | D:3      | Noticed Grinder
  2657 | D:3      | Paralysed by Grinder for 2 turns
  2678 | D:3      | Killed Grinder
  2679 | D:3      | Reached skill level 5 in Fighting
  2679 | D:3      | Reached skill level 5 in Axes
  2679 | D:3      | Reached XP level 6. HP: 22/56 MP: 6/6
  2971 | D:3      | Reached XP level 7. HP: 61/61 MP: 7/7
  3018 | D:3      | Reached skill level 5 in Armour
  3185 | D:3      | Noticed Natasha
  3190 | D:3      | Killed Natasha
  3247 | D:3      | Found a hazy altar of Hepliaklqana.
  3254 | D:3      | Found a broken altar of Ashenzari.
  3566 | D:4      | Reached skill level 6 in Axes
  3911 | D:4      | Found a staircase to the Ecumenical Temple.
  3920 | Temple   | Entered the Ecumenical Temple
  3970 | Temple   | Became a worshipper of Gozag Ym Sagoz the Greedy
  4109 | D:4      | Noticed Ijyb
  4123 | D:4      | Killed Ijyb
  4601 | D:4      | Found an ornate altar of the Wu Jian Council.
  4867 | D:5      | Entered Level 5 of the Dungeon
  4911 | D:5      | Reached skill level 1 in Evocations
  4911 | D:5      | Reached XP level 8. HP: 70/70 MP: 8/8
  5449 | D:5      | Found a sparkling altar of Nemelex Xobeh.
  5453 | D:5      | Found a shimmering blue altar of Sif Muna.
  5455 | D:5      | Found a hide-covered altar of Uskayaw.
  5536 | D:5      | Reached skill level 7 in Axes
  5960 | D:6      | Found a glowing golden altar of the Shining One.
  6322 | D:6      | Reached XP level 9. HP: 55/78 MP: 9/9
  6370 | D:6      | Reached skill level 8 in Axes
  6393 | D:6      | Noticed a two-headed ogre
  6423 | D:6      | Killed a two-headed ogre
  6424 | D:6      | Reached skill level 1 in Stealth
  6928 | D:7      | Reached skill level 5 in Shields
  6960 | D:7      | Reached skill level 9 in Axes
  7039 | D:7      | Found a runed translucent gate.
  7039 | D:7      | Found a runed translucent gate.
  7040 | D:7      | Found a runed translucent gate.
  7128 | D:7      | Reached skill level 10 in Axes
  7134 | D:7      | Identified the +0 pair of boots of Eternal Night {rPois
                  | Slay+2}
  7232 | D:7      | Reached XP level 10. HP: 87/88 MP: 10/10
  7338 | D:7      | Found the +2 ratskin cloak {*Rats rPois rN+ Str-1 Int-1
                  | Dex+1}
  7676 | D:7      | Noticed AnyaLaVert's ghost (novice MiFi)
  7861 | D:7      | Banished AnyaLaVert's ghost
  7862 | D:7      | Reached skill level 11 in Axes
  8159 | D:8      | Found a burning altar of Makhleb.
  8241 | D:8      | Found a flagged portal.
  8257 | Bailey   | Entered a bailey
  8394 | Bailey   | Reached skill level 5 in Evocations
  8476 | Bailey   | Noticed a vault guard
  8494 | Bailey   | Killed a vault guard
  8495 | Bailey   | Reached skill level 12 in Axes
  8495 | Bailey   | Reached XP level 11. HP: 68/99 MP: 4/11
  8627 | Bailey   | Noticed a vault guard
  8627 | Bailey   | Noticed Prince Ribbit
  8635 | Bailey   | Killed a vault guard
  8640 | Bailey   | Killed Prince Ribbit
  8715 | Bailey   | Reached skill level 10 in Fighting
  8799 | D:8      | Found a runed translucent door.
  8811 | D:8      | Found a basalt altar of Yredelemnul.
  9655 | D:9      | Identified the +3 leather armour of Zirphifox {Drain +Inv
                  | rPois Str+10}
  9702 | D:9      | Noticed a centaur warrior
  9707 | D:9      | Banished a centaur warrior
  9826 | D:9      | Reached skill level 13 in Axes
 10024 | D:9      | Noticed a two-headed ogre
 10029 | D:9      | Identified the +10 rapier of Mayhem {elec, *Rage *Slow
                  | +Blink rF+++}
 10029 | D:9      | Noticed a deep elf pyromancer
 10033 | D:9      | Killed a two-headed ogre
 10035 | D:9      | Killed a deep elf pyromancer
 10045 | D:9      | Noticed a wizard
 10055 | D:9      | Noticed an eight-headed hydra
 10057 | D:9      | Killed a wizard
 10061 | D:9      | Identified the ring "Kyfuic" {Ice Int-5 Dex+4 SInv}
 10061 | D:9      | Noticed a centaur warrior
 10075 | D:9      | Shot with an arrow by a centaur warrior

Illustrated notes

Levels and vault maps discovered:
D:1:      noname_arrival_rooms_in_the_neighbourhood, layout_basic,
          hellmonk_ecumenical_altar_arch_garden
D:2:      layout_loops_ring, st_stairs_11, uniq_robin, uniq_terence,
          uniq_crazy_yiuf_cottage
D:3:      layout_basic, jmf_multi_god_temple2, uniq_natasha, uniq_grinder
D:4:      kennysheep_goblin_castle, layout_rooms, nzn_wu_jian_council_hall,
          minmay_temple_entry_sparse_star, serial_corexii_hall,
          chequers_hall_statues_y, corexii_hall_statues_x,
          corexii_hall_statues_u, chequers_hall_statues_wall_a
D:5:      layout_loops_ring, minitemple
D:6:      layout_loops_ring, general_overflow_altar, water_boxes_lemuel
D:7:      layout_cave_pods, gammafunk_ghost_necromancy, skrybe_limestone_x,
          minmay_joined_circles
D:8:      layout_rooms, dk_yredelemnul_ordeal, mainiacjoe_overflow_boulevard,
          enter_bailey_6, amethyst_killhole
D:9:      minmay_the_grid_octo_tiled_squarecenter
          [minmay_the_grid_octo_clover_2, minmay_the_grid_octo_odd_swirl,
          minmay_the_grid_octo_tetromino_candy, minmay_the_grid_octo_empty,
          minmay_the_grid_square_5x5_megaprize_crossed,
          minmay_the_grid_square_5x5_spiral_small,
          minmay_the_grid_square_5x5_shuriken,
          minmay_the_grid_square_5x5_spiral,
          minmay_the_grid_square_5x5_three_small], layout_gridville, orc_0_dummy
Temple:   minmay_temple_bridge_abc

Skill      XL: |  1  2  3  4  5  6  7  8  9 10 11 |
---------------+----------------------------------+-----
Fighting       | 4 5 6 7 9 11 | 11.2
Axes           | 3 5 6 7 10 12 13 | 13.4
Throwing       | 1 2 3 |  3.7
Dodging        | 1 2 3 |  3.1
Armour         | 4 5 6 7 8 9 |  9.7
Shields        | 4 5 6 |  6.0
Evocations     | 1 2 4 5 6 |  6.2
Stealth        | 1 2 |  2.0

Action                   |  1- 3 |  4- 6 |  7- 9 | 10-12 || total
-------------------------+-------+-------+-------+-------++-------
Melee: War axe           |    93 |   111 |    92 |       ||   296
       Headbutt          |       |    17 |    45 |    55 ||   117
       Hand axe          |       |       |   157 |   291 ||   448
Throw: Boomerang         |       |     8 |    19 |     2 ||    29
       Dart              |       |       |     3 |     6 ||     9
Evoke: Wand              |       |       |       |    13 ||    13
  Use: Potion            |     4 |     1 |     6 |     1 ||    12
       Scroll            |       |     7 |     7 |     7 ||    21
 Stab: Distracted        |       |       |       |     2 ||     2
       Paralysed         |       |       |       |     1 ||     1
Armor: Scale mail        |    42 |    57 |    71 |       ||   170
       Skin              |       |     2 |       |       ||     2
       Chain mail        |       |       |    29 |       ||    29
       Plate armour      |       |       |       |   110 ||   110
Dodge: Dodged            |    32 |    66 |   114 |    95 ||   307
Block: Buckler           |    22 |    32 |    54 |    41 ||   149
